 Dungeon Crawl Stone Soup version 0.31-a0-202-g547052bce9 (webtiles) character file.

Game seed: 3004195217129569594

237 Hubris850 the Chopper (level 6, -2/52 HPs)
             Began as a Hill Orc Fighter on June 26, 2023.
             Was a Believer of Trog.
             Slain by a mummy (6 damage)
             ... in an ossuary.
             The game lasted 00:06:14 (2034 turns).

Hubris850 the Chopper (Hill Orc Fighter)            Turns: 2034, Time: 00:06:15

Health: -2/52      AC: 12    Str: 21    XL:     6   Next: 6%
Magic:  6/6        EV:  6    Int:  8    God:    Trog [**....]
Gold:   157        SH:  4    Dex: 10    Spells: 5/5 levels left

rFire   . . .        a - +0 war axe
rCold   + . .        c - +0 buckler
rNeg    . . .        m - +0 plate armour
rPois   .            (no helmet)
rElec   .            (no cloak)
rCorr   .            (no gloves)
SInv    .            (no boots)
Will    .....        (no amulet) Stlth
                     p - ring of protection from cold
HPRegen 0.28/turn    (no ring)
MPRegen 0.10/turn

%: no passive effects
@: no status effects
A: no striking features
a: Renounce Religion, Berserk, Trog's Hand


You were in an ossuary.
You worshipped Trog.
Trog was pleased with you.
You visited 1 branch of the dungeon, and saw 4 of its levels.
You also visited: Ossuary.

You collected 157 gold pieces.

Inventory:

Hand Weapons
 a - a +0 war axe (weapon)
Missiles
 q - 4 poisoned darts
Armour
 b - a +0 scale mail
 c - a +0 buckler (worn)
 e - a +2 leather armour of willpower
 m - a +0 plate armour (worn)
Jewellery
 p - a ring of protection from cold (left hand)
Wands
 f - a wand of quicksilver (7)
Scrolls
 o - 2 scrolls of revelation
 r - 2 scrolls of amnesia {unknown}
Potions
 d - 2 potions of might
 h - a potion of degeneration
 i - a potion of attraction
 n - a potion of enlightenment
 s - 3 potions of curing {unknown}


   Skills:
 - Level 4.0 Fighting
 + Level 4.5 Axes
 + Level 4.4 Armour
 + Level 2.1 Dodging
 + Level 4.4 Shields


You had 5 spell levels left.
You didn't know any spells.
Your spell library contained the following spells:

 Spells                   Type           Power      Damage    Failure   Level
 Stone Arrow              Conj/Erth      0%         3d7       100%        3
 Animate Armour           Summ/Erth      0%         N/A       100%        4
 Lehudib's Crystal Spear  Conj/Erth      0%         10d2      100%        8


Dungeon Overview and Level Annotations

Branches:
Dungeon (4/15)            Ossuary (1/1)
 Temple: D:4-7

Altars:
Elyvilon
Trog
Zin
The Shining One


Message History

Trog accepts your kill.
You have reached level 6!
You slash the mummy!
The mummy is severely damaged.
You slash the mummy!
You destroy the mummy!
Trog accepts your kill.
You feel a strong urge to attack something.
You start resting.
You feel your anger nearly subside.
You are no longer berserk.
You are exhausted.
You feel yourself slow down. 2 mummies come into view.
You feel yourself speed up.
You hit the mummy.
The mummy is lightly damaged.
You slash the mummy! The mummy barely misses you.
You barely miss the mummy.
The mummy is lightly damaged.
You hit the mummy. The mummy hits you but does no damage.
You closely miss the mummy.
The mummy is lightly damaged.
You barely miss the mummy.
You recover from your berserk rage.
The mummy hits you but does no damage. x2
You barely miss the mummy.
The mummy is lightly damaged.
You hit the mummy but do no damage. The mummy barely misses you.
You block the mummy's attack.
You hit the mummy but do no damage.
The mummy is lightly damaged.
You hit the mummy but do no damage. The mummy hits you!
* * * LOW HITPOINT WARNING * * *
The mummy hits you.
* * * LOW HITPOINT WARNING * * *
You slash the mummy!
The mummy is almost destroyed.
You closely miss the mummy. The mummy hits you but does no damage.
The mummy hits you.
You die...

... #### ..
.... ##..## ...
....##....##...
...............
...............
#..............
#........#
##..MM..##
##.@..## #....#
#....# #....#
#....# #....#
#....# #....#
#.∩∩.#


You could see 2 mummies.

Vanquished Creatures
  An orc priest (D:4)
  Jessica (D:2)
  An orc wizard (D:4)
  4 mummies (Ossuary)
  3 adders (D:3)
  A dart slug (D:4)
  4 orcs
  7 ball pythons
  4 bats
  4 endoplasms
  14 giant cockroaches
  3 goblins
  3 hobgoblins
  6 kobolds
  A quokka (D:3)
  5 frilled lizards
  2 hobgoblin zombies (Ossuary)
  4 kobold zombies (Ossuary)
  2 orc zombies (Ossuary)
  6 rats
76 creatures vanquished.

Notes
Turn   | Place    | Note
-------+----------+-------------------------------------------
     0 | D:1      | Hubris850 the Hill Orc Fighter began the quest for the Orb.
     0 | D:1      | Reached XP level 1. HP: 19/19 MP: 1/1
   161 | D:1      | Reached XP level 2. HP: 27/27 MP: 2/2
   417 | D:1      | Found a faded altar of an unknown god.
   428 | D:1      | Prayed at the altar of an unknown god.
   428 | D:1      | Became a worshipper of Trog the Wrathful
   428 | D:1      | Reached * piety under Trog
   695 | D:1      | Reached XP level 3. HP: 33/33 MP: 3/3
   823 | D:2      | Noticed Jessica
   834 | D:2      | Killed Jessica
   835 | D:2      | Reached skill level 1 in Dodging
  1203 | D:2      | Reached XP level 4. HP: 36/40 MP: 4/4
  1479 | D:3      | Found a white marble altar of Elyvilon.
  1479 | D:3      | Found a glowing silver altar of Zin.
  1479 | D:3      | Found a glowing golden altar of the Shining One.
  1681 | D:3      | Reached ** piety under Trog
  1710 | D:3      | Reached XP level 5. HP: 39/46 MP: 5/5
  1968 | D:4      | Found a sand-covered staircase.
  1980 | Ossuary  | Entered an ossuary
  2001 | Ossuary  | Reached XP level 6. HP: 16/52 MP: 6/6
  2034 | Ossuary  | Slain by a mummy

Illustrated notes

Levels and vault maps discovered:
D:1:      psy_arrival_heroes, layout_loops_ring,
          shapermc_ecumenical_altar_flowoftime
D:2:      minmay_roachtagon, layout_loops_cross, uniq_jessica,
          uniq_crazy_yiuf_cottage
D:3:      layout_rooms, dreamdust_divine_triumvirate,
          wad_floor_pattern_untrapped
D:4:      layout_loops_corners, mainiacjoe_overflow_paths,
          gup_sewer_entry_spiral, chequers_ossuary_entry_cave,
          kennysheep_generic_room_14, uniq_pikel
Ossuary:  ossuary_tomb_3

Skill      XL: |  1  2  3  4  5 |
---------------+----------------+-----
Axes           | 3 4 |  4.5
Fighting       | 4 |  4.0
Dodging        | 1 2 |  2.1
Shields        | 4 |  4.4
Armour         | 4 |  4.4

Action                     |  1- 3 |  4- 6 || total
---------------------------+-------+-------++-------
  Melee: War axe           |   103 |    99 ||   202
 Invoke: Berserk           |       |     1 ||     1
    Use: Scroll            |       |     8 ||     8
 Armour: Leather armour    |    30 |    16 ||    46
         Plate armour      |       |    54 ||    54
  Dodge: Dodged            |    52 |    47 ||    99
  Block: Buckler           |    16 |    21 ||    37

Table legend: (Time is in decaauts)
 A = Elapsed time spent in this place.
 B = Non-inter-level travel time spent in this place.
 C = Inter-level travel time spent in this place.
 D = Time resting spent in this place.
 E = Time spent auto-exploring this place.
 F = Levels seen in this place.
 G = Mean time per level.
                   A        B        C        D        E       F      G
               +--------+--------+--------+--------+--------+-----+--------+
         Total |   2116 |   2044 |     72 |     38 |   1341 |   5 |  423.2 |
       Dungeon |   2050 |   1978 |     72 |     38 |   1341 |   4 |  512.5 |
       Ossuary |     66 |     66 |      0 |      0 |      0 |   1 |   66.0 |
               +--------+--------+--------+--------+--------+-----+--------+

Top non-repeatable levels by time:
     D:1: 825 daAuts
     D:2: 670 daAuts
     D:3: 388 daAuts
     D:4: 166 daAuts
 Ossuary: 66 daAuts
